 Dungeon Crawl Stone Soup version 0.17.0-7-gfadd4cc (console) character file.

49 gw the Charmwright (level 3, 0/16 HPs)
             Began as a Felid Skald on Nov 8, 2015.
             Was an Initiate of Qazlal.
             Succumbed to an adder's poison
             ... on level 2 of the Dungeon.
             The game lasted 00:01:42 (2662 turns).

gw the Charmwright (Felid Skald)                    Turns: 2662, Time: 00:01:42

Health: 0/16       AC:  1    Str:  8    XL:     3   Next: 51%
Magic:  2/7        EV: 17    Int: 14    God:    Qazlal [......]
Gold:   124        SH:  0    Dex: 15    Spells: 3 memorised, 1 level left
                                        Lives:  0   Deaths: 0

rFire  . . .     SeeInvis +       - Unarmed
rCold  . . .     Clarity  .     (armour unavailable)
rNeg   . . .     SustAt   .     (shield unavailable)
rPois  .         Gourm    .     (helmet unavailable)
rElec  .         Spirit   .     (cloak unavailable)
rCorr  .         Warding  .     (gloves unavailable)
rMut   .         Stasis   .     (boots unavailable)
MR     .....                    (no amulet)
Stlth  ++........               (no ring)
                                (no ring)

@: lethally poisoned (0 -> -6), quick, not resistant to hostile enchantments,
unstealthy
A: no armour, no weapons or thrown items, claws 1, fangs 3, see invisible,
carnivore 3, speed 1, shaggy fur 1, slow metabolism 1, sharp paws
a: Renounce Religion


You were on level 2 of the Dungeon.
You worshipped Qazlal.
Qazlal was noncommittal.
You were completely stuffed.

You visited 1 branch of the dungeon, and saw 2 of its levels.

You collected 124 gold pieces.

Inventory:

Books
 a - a book of Battle

   Spells                             Type                      Level
   a - Infusion                       Charms                       1
   b - Shroud of Golubria             Charms/Translocation         2
   c - Song of Slaying                Charms                       2
   d - Spectral Weapon                Hexes/Charms                 3
   e - Regeneration                   Charms/Necromancy            3
Comestibles
 b - 2 meat rations


   Skills:
 + Level 2.4 Fighting
 + Level 2.4 Dodging
 + Level 2.7 Unarmed Combat
 * Level 2.3 Spellcasting
 + Level 3.9 Charms
 * Level 0.4 Invocations


You had one spell level left.
You knew the following spells:

 Your Spells              Type           Power        Failure   Level  Hunger
a - Infusion              Chrm           ##....       4%          1    #......
b - Shroud of Golubria    Chrm/Tloc      #.........   17%         2    ###....
c - Song of Slaying       Chrm           ##......     10%         2    ###....


Dungeon Overview and Level Annotations

Branches:
Dungeon (2/15)

Altars:
Qazlal


Innate Abilities, Weirdness & Mutations

You cannot wear armour.
You are incapable of wielding weapons or throwing items.
You have sharp claws.
You have razor-sharp teeth.
You have supernaturally acute eyesight.
You are carnivorous and can eat meat at any time.
You cover ground quickly.
You are covered in fur (AC +1).
You have a slow metabolism.
Your sharp claws are effective at attacking unaware monsters.


Message History

Unknown command.
Unknown command.
Unknown command.
Unknown command.
ATTACKING (-1,0)
You swing at nothing.
Unknown command.
Unknown command.
Unknown command.
Unknown command.
ATTACKING (1,0)
You swing at nothing.
Unknown command.
Unknown command.
Unknown command.
Unknown command.
ATTACKING (1,0)
You swing at nothing.
Your shroud unravels.
You die...

....... ....... ###
....... ..# ....... #.#
....... #.# ### .......
##.#######.# ....... ###
#<.........# #####..
.....#######.#######.###
.......h..............%.
.....########.######.#.#
... #.# #.#.. # #..#
#.#.# ##.# #.#.# .#
..#.# .# ..#.# .. ..#.#
#= ..)#.#


There were no monsters in sight!

Table legend:
 A = Turns spent in this place as a percentage of turns spent in the entire game.
 B = Non-inter-level travel turns spent in this place as a percentage of non-inter-level travel turns spent in the entire game.
 C = Inter-level travel turns spent in this place as a percentage of turns spent in this place.
 D = Turns resting spent in this place as a percentage of non-inter-level travel turns spent in this place.
 E = Turns spent auto-exploring this place as a percentage of non-inter-level travel turns spent in this place.
 F = Non-inter-level travel turns spent in this place divided by the number of levels of this place that you've seen.
                   A       B       C       D       E      F
               +-------+-------+-------+-------+-------+----------------------
         Total | 100.0 | 100.0 |   0.6 |   2.5 |   2.3 | 1340.5
       Dungeon | 100.0 | 100.0 |   0.6 |   2.5 |   2.3 | 1340.5
               +-------+-------+-------+-------+-------+----------------------

Table legend:
 A = Kills in this place as a percentage of kills in entire the game.
 B = Kills by you in this place as a percentage of kills by you in the entire game.
 C = Kills by friends in this place as a percentage of kills by friends in the entire game.
 D = Other kills in this place as a percentage of other kills in the entire game.
 E = Experience gained in this place as a percentage of experience gained in the entire game.
 F = Experience gained in this place divided by the number of levels of this place that you have seen.
                   A       B       C       D       E      F
               +-------+-------+-------+-------+-------+----------------------
         Total | 100.0 | 100.0 |  -nan |  -nan | 100.0 |  35.0
       Dungeon | 100.0 | 100.0 |  -nan |  -nan | 100.0 |  35.0
               +-------+-------+-------+-------+-------+----------------------

Vanquished Creatures
  An adder (D:2)
  A worm (D:2)
  A giant cockroach (D:1)
  7 hobgoblins (D:1)
  2 kobolds (D:1)
  5 bats
  3 giant geckos
  2 giant newts
  6 goblins
  A quokka (D:2)
  6 rats
35 creatures vanquished.

Notes
Turn   | Place    | Note
--------------------------------------------------------------
     0 | D:1      | gw the Felid Skald began the quest for the Orb.
     0 | D:1      | Reached XP level 1. HP: 9/9 MP: 4/4
   325 | D:1      | Reached XP level 2. HP: 4/13 MP: 1/6
   533 | D:1      | Learned a level 2 spell: Shroud of Golubria
   536 | D:1      | Learned a level 2 spell: Song of Slaying
  2136 | D:1      | Reached XP level 3. HP: 16/16 MP: 0/7
  2567 | D:2      | Found a stormy altar of Qazlal.
  2572 | D:2      | Became a worshipper of Qazlal Stormbringer
  2662 | D:2      | Succumbed to an adder's poison

Action                   || total
-------------------------++-------
Melee: Unarmed           ||   100
 Cast: Infusion          ||    26
       Shroud of Golubri ||    24
  Eat: Chunk             ||    14

Vault maps used:
D:1:      dpeg_arrival_pond, minmay_misc_feat_x
D:2:      grunt_qazlal_clouds
